 Dungeon Crawl Stone Soup version 0.32-a0-17-gb74e046682 (webtiles) character file.

Game seed: 11579419890487205766

314 miscthings the Changeling (level 6, 0/38 HPs)
             Began as an Octopode Shapeshifter on Jan 16, 2024.
             Was an Initiate of Gozag.
             Succumbed to Pikel's poison
             ... on level 4 of the Dungeon.
             The game lasted 00:04:09 (2389 turns).

miscthings the Changeling (Octopode Shapeshifter)   Turns: 2389, Time: 00:04:10

Health: 0/38       AC:  1    Str: 14    XL:     6   Next: 43%
Magic:  6/6        EV: 13    Int: 12    God:    Gozag
Gold:   191        SH:  0    Dex: 13    Spells: 5/5 levels left

rFire   . . .        p - +2 sling (elec)
rCold   . . .        (no shield)
rNeg    . . .        (helmet currently unavailable)
rPois   .            (no amulet)
rElec   .            (no ring)
rCorr   .            (no ring)
SInv    .            (no ring)
Will    .....        (no ring)
Stlth   ++           (no ring)
HPRegen 0.26/turn    (no ring)
MPRegen 0.10/turn    (no ring)
                     (no ring)

%: no passive effects
@: lethally poisoned (0 -> -12), beast-form, attractive
A: beast (slay +2), almost no armour, amphibious, 8 rings, camouflage 1,
gelatinous body 1, (nimble swimmer 1), tentacles
a: Begin Untransformation, Renounce Religion, Potion Petition, Call Merchant,
Bribe Branch


You were on level 4 of the Dungeon.
You worshipped Gozag.
Gozag was aware of your devotion.
You were a hulking beast.
You visited 1 branch of the dungeon, and saw 4 of its levels.

You collected 231 gold pieces.
You paid 40 gold pieces to Gozag.

Inventory:

Hand Weapons
 l - a +2 dagger of venom
 p - a +2 sling of electrocution (weapon)
Missiles
 o - 3 atropa-tipped darts
Talismans
 b - a beast talisman
 c - a flux talisman
 w - a granite talisman
Wands
 u - a wand of polymorph (7)
Scrolls
 d - 5 scrolls of identify {unknown}
 g - a scroll of fear {unknown}
 i - 4 scrolls of teleportation {unknown}
 j - a scroll of summoning {unknown}
 q - a scroll of poison {unknown}
 t - a scroll of enchant weapon {unknown}
Potions
 a - a potion of lignification
 e - a potion of enlightenment {unknown}
 f - a potion of berserk rage {unknown}
 h - 2 potions of curing {unknown}
 k - a potion of resistance {unknown}
 m - a potion of attraction
 n - a potion of brilliance {unknown}
 r - a potion of ambrosia {unknown}
 s - a potion of haste {unknown}
 v - a potion of might {unknown}


   Skills:
 - Level 1.0 Fighting
 + Level 4.5 Ranged Weapons
 - Level 2.0 Dodging
 - Level 3.0 Unarmed Combat
 - Level 4.8 Shapeshifting


You had 5 spell levels left.
You didn't know any spells.
Your spell library contained the following spells:

 Spells                   Type           Power      Damage    Failure   Level
 Apportation              Tloc           0%         N/A       32%         1
 Necrotise                Necr           0%         1d4       32%         1
 Sandblast                Erth           0%         2d4       32%         1
 Sting                    Conj/Alch      0%         1d3       32%         1
 Summon Small Mammal      Summ           0%         N/A       32%         1
 Ensorcelled Hibernation  Hex/Ice        0%         N/A       45%         2
 Call Canine Familiar     Summ           0%         N/A       69%         3
 Fugue of the Fallen      Necr           0%         N/A       69%         3
 Inner Flame              Hex/Fire       0%         N/A       69%         3
 Passwall                 Erth           0%         N/A       69%         3
 Sigil of Binding         Hex            0%         N/A       69%         3
 Swiftness                Air            0%         N/A       69%         3
 Vampiric Draining        Necr           0%         2d6       69%         3
 Anguish                  Hex/Necr       0%         N/A       97%         4
 Brom's Barrelling Bould  Conj/Erth      0%         2d3       97%         4
 Dimensional Bullseye     Hex/Tloc       0%         N/A       97%         4
 Flame Wave               Conj/Fire      0%         2d4       97%         4
 Sticky Flame             Fire/Alch      0%         2d4       97%         4


Dungeon Overview and Level Annotations

Branches:
Dungeon (4/15)
 Temple: D:4-7

Altars:
Gozag

Shops:
D:3 (

Annotations:
D:4 Pikel


Innate Abilities, Weirdness & Mutations

You are a hulking beast.
Your limbs bulge with bestial killing power. (Slay +2)
You cannot wear most types of armour.
You are amphibious.
You can wear up to eight rings at the same time.
Your skin changes colour to match your surroundings (Stealth+).
Your rubbery body absorbs attacks. (AC +1, EV +1)
((You are camouflaged when in or above water. (Stealth+)))
You have tentacles for arms and can constrict up to eight enemies at once.


Message History

You shoot a sling bullet. The sling bullet hits Pikel.
Lightning courses through Pikel!
Pikel is moderately wounded.
Pikel says, "I touched Geryon's horn once."
Pikel completely misses you.
You shoot a sling bullet. The sling bullet closely misses Pikel.
The sling bullet hits the lemure.
The lemure is heavily wounded.
Pikel hits you with a +2 whip of freezing.
Pikel freezes you.
You shoot a sling bullet. The sling bullet barely misses Pikel.
The sling bullet barely misses the lemure.
You hear a shout!
Pikel closely misses you.
You shoot a sling bullet.
The sling bullet hits Pikel but does no damage.
Pikel is moderately wounded.
A lemure comes into view.
Pikel hits you with a +2 whip of freezing.
Pikel freezes you.
You shoot a sling bullet. The sling bullet closely misses Pikel.
The sling bullet hits the lemure.
The lemure is heavily wounded.
Pikel hits you with a +2 whip of freezing!
* * * LOW HITPOINT WARNING * * *
Pikel freezes you.
* * * LOW HITPOINT WARNING * * *
You are too injured to fight recklessly!
Aiming: Polymorph
Press: ? - help, Shift-Dir - straight line, f/p - Pikel
Aim: Pikel, wielding a +2 whip of freezing and wearing a +0 robe (moderately wounded, will become a black mamba, a hog, or a scorpion, chance to affect: 49%) Pikel evaporates and reforms as a scorpion!
Pikel stings you.
* * * LOW HITPOINT WARNING * * *
You are lethally poisoned!
Pikel poisons you!
It was a potion of attraction.
You feel attractive to monsters.
You die...
Your body crumbles into a pile of gold.

#.###.###.#
#<# #.# #.#
#.# #.# #.#
#.# #.# #.#
#.#
#.###.###.#
#.........#
#####h#####
#s#
......55#
#.#######


You could see 2 lemures and Pikel the scorpion.

Vanquished Creatures
  A lemure (D:4)
  A water moccasin zombie (D:3)
  2 orc priests (D:3)
  A bombardier beetle (D:3)
  Ijyb (D:3)
  A hound skeleton (D:3)
  Robin (D:2)
  A gnoll (D:1)
  2 adders
  2 adder skeletons (D:3)
  2 dart slugs (D:1)
  2 ribbon worms
  3 orcs (D:3)
  4 ball pythons
  A giant cockroach (D:1)
  9 goblins
  17 hobgoblins
  2 jackals (D:2)
  7 kobolds
  3 quokkas
  A ball python skeleton (D:3)
  9 bats
  A frilled lizard (D:3)
  A giant cockroach zombie (D:3)
  3 rats
78 creatures vanquished.

Notes
Turn   | Place    | Note
-------+----------+-------------------------------------------
     0 | D:1      | miscthings the Octopode Shapeshifter began the quest for
                  | the Orb.
     0 | D:1      | Reached XP level 1. HP: 13/13 MP: 1/1
     9 | D:1      | Got the Elucidation of Morbid Cleavage
    51 | D:1      | Reached XP level 2. HP: 15/18 MP: 2/2
   152 | D:1      | Reached XP level 3. HP: 12/23 MP: 3/3
   905 | D:2      | Noticed Robin
   929 | D:2      | Killed Robin
   930 | D:2      | Reached XP level 4. HP: 22/28 MP: 4/4
  1433 | D:3      | Found an opulent altar of Gozag.
  1528 | D:3      | Noticed Ijyb
  1541 | D:3      | Killed Ijyb
  1542 | D:3      | Reached skill level 1 in Ranged Weapons
  1660 | D:3      | Reached XP level 5. HP: 31/33 MP: 5/5
  1888 | D:3      | Became a worshipper of Gozag Ym Sagoz the Greedy
  1905 | D:3      | Reached XP level 6. HP: 38/38 MP: 6/6
  2068 | D:3      | Found Pesek's Weapon Boutique.
  2373 | D:4      | Noticed Pikel
  2388 | D:4      | Pikel changed into Pikel the scorpion
  2388 | D:4      | Noticed Pikel
  2389 | D:4      | Succumbed to Pikel's poison

Illustrated notes

Levels and vault maps discovered:
D:1:      dpeg_arrival_morbid_curiosity, layout_rooms, roderic_serpentine_path,
          minmay_tetromino_o4
D:2:      layout_rooms, uniq_robin
D:3:      layout_basic, grunt_gozag_breadcrumbs, serial_shops, shop,
          serial_undead, serial_undead_a, serial_undead_d, serial_undead_f,
          serial_undead_c, serial_undead_b, uniq_ijyb
D:4:      layout_loops_ring, nicolae_overflow_hidden_temple,
          minmay_temple_entry_antechambers, uniq_blork_the_orc, uniq_pikel,
          uniq_eustachio

Skill      XL: |  1  2  3  4  5  6 |
---------------+-------------------+-----
Shapeshifting  | 4 |  4.8
Ranged Weapons | 1 3 4 |  4.5
Fighting       | |  1.0
Dodging        | |  2.0
Unarmed Combat | |  3.0

Action                     |  1- 3 |  4- 6 || total
---------------------------+-------+-------++-------
  Melee: Unarmed           |    67 |    18 ||    85
         Constrict         |    19 |     6 ||    25
         Tentacles         |    14 |     4 ||    18
         Punch             |     2 |     1 ||     3
   Fire: Sling             |       |   119 ||   119
  Evoke: Wand              |       |     1 ||     1
    Use: Potion            |       |     1 ||     1
   Stab: Sleeping          |     2 |       ||     2
 Armour: Skin              |    29 |    34 ||    63
  Dodge: Dodged            |    31 |    46 ||    77

Table legend: (Time is in decaauts)
 A = Elapsed time spent in this place.
 B = Non-inter-level travel time spent in this place.
 C = Inter-level travel time spent in this place.
 D = Time resting spent in this place.
 E = Time spent auto-exploring this place.
 F = Levels seen in this place.
 G = Mean time per level.
                   A        B        C        D        E       F      G
               +--------+--------+--------+--------+--------+-----+--------+
         Total |   2416 |   2300 |    116 |    201 |   1613 |   4 |  604.0 |
       Dungeon |   2416 |   2300 |    116 |    201 |   1613 |   4 |  604.0 |
               +--------+--------+--------+--------+--------+-----+--------+

Top non-repeatable levels by time:
     D:3: 1015 daAuts
     D:1: 764 daAuts
     D:2: 589 daAuts
     D:4: 46 daAuts
